 Dungeon Crawl Stone Soup version 0.30.1-4-g462c640d31 (webtiles) character file.

Game seed: 2395380166889103380

43 leafyfresh the Covert (level 3, 0/26 HPs)
             Began as an Octopode Delver on Aug 17, 2023.
             Slain by a phantom (7 damage)
             ... on level 5 of the Dungeon.
             The game lasted 00:00:43 (352 turns).

leafyfresh the Covert (Octopode Delver)              Turns: 352, Time: 00:00:43

Health: 0/26       AC:  1    Str: 11    XL:     3   Next: 58%
Magic:  3/3        EV: 13    Int: 14    God:
Gold:   7          SH:  0    Dex: 13    Spells: 2/2 levels left

rFire   . . .        a - +0 short sword
rCold   . . .        (no shield)
rNeg    . . .        (helmet restricted)
rPois   .            (no amulet)
rElec   .            (no ring)
rCorr   .            (no ring)
SInv    .            (no ring)
Will    .....        (no ring)
Stlth   +++++        (no ring)
HPRegen 0.24/turn    (no ring)
MPRegen 0.08/turn    (no ring)
                     (no ring)

%: no passive effects
@: no status effects
A: almost no armour, amphibious, 8 rings, camouflage 1, gelatinous body 1,
(nimble swimmer 1), tentacles
a: no special abilities


You were on level 5 of the Dungeon.
You visited 1 branch of the dungeon, and saw 2 of its levels.

You collected 7 gold pieces.

Inventory:

Hand Weapons
 a - a +0 short sword (weapon)
Jewellery
 h - a +5 ring of evasion
Wands
 f - a wand of digging (3)
Scrolls
 b - a scroll of fog
 c - a scroll of magic mapping
 d - a scroll of fear
Potions
 e - a potion of haste
 g - a potion of mutation {unknown}


   Skills:
 - Level 3.0 Fighting
 - Level 2.0 Short Blades
 - Level 2.0 Dodging
 + Level 8.2 Stealth


You had 2 spell levels left.
You didn't know any spells.
Your spell library was empty.

Dungeon Overview and Level Annotations

Branches:
Dungeon (6/15)
 Temple: D:4-7

Altars:

Annotations:
D:6 Prince Ribbit


Innate Abilities, Weirdness & Mutations

You cannot wear most types of armour.
You are amphibious.
You can wear up to eight rings at the same time.
Your skin changes colour to match your surroundings (Stealth+).
Your rubbery body absorbs attacks. (AC +1, EV +1)
((You are camouflaged when in or above water. (Stealth+)))
You have tentacles for arms and can constrict up to eight enemies at once.


Message History

No target in view!
No target in view!
A phantom comes into view.
Found a scroll labelled UQENOSULELL and 20 gold pieces.
A phantom is nearby!
Unknown command.
Unknown command.
There is a stone staircase leading down here.
You climb downwards.
Found 18 gold pieces.
Found a stone staircase leading down.
There is a stone staircase leading up here.
The helpless Prince Ribbit fails to defend himself.
You impale Prince Ribbit!! Your grab misses Prince Ribbit.
Prince Ribbit is heavily wounded.
Prince Ribbit closely misses you. x2
You hit Prince Ribbit. Your grab misses Prince Ribbit.
Your squeeze misses Prince Ribbit.
Prince Ribbit is severely wounded.
Prince Ribbit hits you!
Ouch! That really hurt!
You hit Prince Ribbit. Your grab misses Prince Ribbit.
Prince Ribbit is severely wounded.
Prince Ribbit blinks!
Unknown command.
There is a stone staircase leading up here.
You climb upwards.
The phantom hits you. x2
* * * LOW HITPOINT WARNING * * *
There is a stone staircase leading down here.
A phantom is nearby!
A phantom is nearby!
You are too injured to fight recklessly!
A phantom is nearby!
You are too injured to fight recklessly!
You miss the phantom. The phantom barely misses you.
You hit the phantom.
The phantom is lightly damaged.
You hit the phantom.
The phantom is lightly damaged.
The phantom hits you!
You die...

#.......##.##########.#
........##.### ######.#
..###........# #......#
. #........# #.###..#
#........###.##...#
#.........##.....##
#.........##..##.#
#.............##.##
#...........@W....#
#.................#
...................#
...................#
..................#
###.............##
#.............#
#.............#
............#


You could see a phantom.

Vanquished Creatures
  A hound (D:5)
  An adder (D:5)
  A worm (D:5)
3 creatures vanquished.

Notes
Turn   | Place    | Note
-------+----------+-------------------------------------------
     0 | D:5      | leafyfresh the Octopode Delver began the quest for the Orb.
     0 | D:5      | Reached XP level 1. HP: 16/16 MP: 1/1
    24 | D:5      | Noticed a jelly
    24 | D:5      | Noticed a hound
    27 | D:5      | Killed a hound
    28 | D:5      | Reached skill level 7 in Stealth
    28 | D:5      | Reached XP level 2. HP: 21/21 MP: 2/2
    28 | D:5      | Reached XP level 3. HP: 26/26 MP: 3/3
    40 | D:5      | Reached skill level 8 in Stealth
   328 | D:5      | Noticed a phantom
   342 | D:6      | Noticed Prince Ribbit
   342 | D:6      | Noticed a scorpion
   352 | D:5      | Slain by a phantom

Illustrated notes

Levels and vault maps discovered:
D:5:      layout_basic, nicolae_elemental_shop
D:6:      layout_cave_pods, nemelex_diamond_rough_becter,
          gammafunk_ghost_necromancy, chequers_serial_rivers_small_b,
          uniq_sigmund, uniq_prince_ribbit1

Skill      XL: |  1  2  3 |
---------------+----------+-----
Stealth        | 7 8 |  8.2
Fighting       | |  3.0
Short Blades   | |  2.0
Dodging        | |  2.0

Action                     || total
---------------------------++-------
  Melee: Short sword       ||    20
         Constrict         ||     2
         Tentacles         ||     2
   Stab: Sleeping          ||     2
 Armour: Skin              ||     1
  Dodge: Dodged            ||     9
